 Dungeon Crawl Stone Soup version 0.28.0-49-g6dfe1f597d (webtiles) character file.

Game seed: 17769788305294742740

2 PurpleHaze the Grave Robber (level 1, 0/10 HPs)
             Began as a Vampire Necromancer on May 12, 2022.
             Slain by a bat (1 damage)
             ... on level 1 of the Dungeon.
             The game lasted 00:02:49 (199 turns).

PurpleHaze the Grave Robber (Vampire Necromancer)    Turns: 199, Time: 00:02:49

Health: 0/10       AC:  2    Str:  7    XL:     1   Next: 25%
Magic:  3/3        EV: 12    Int: 17    God:
Gold:   18         SH:  0    Dex: 14    Spells: 3/4 levels left

rFire   . . .      SeeInvis +   (no weapon)
rCold   + + .      Faith    .   (no shield)
rNeg    + + +      Spirit   .   a - +0 robe
rPois   ∞          Reflect  .   (no helmet)
rElec   .          Harm     .   (no cloak)
rCorr   .          Rampage  .   (no gloves)
Will    .....                   (no boots)
Stlth   ++++......              (no amulet)
HPRegen 0.00/turn               (no ring)
MPRegen 0.08/turn               (no ring)

@: bloodless, inhibited regen
A: bloodless, fangs 3, see invisible, vampiric 1
a: Revivify


You were on level 1 of the Dungeon.
You visited 1 branch of the dungeon, and saw 1 of its levels.

You collected 18 gold pieces.

Inventory:

Armour
 a - a +0 robe (worn)
Jewellery
 b - an amulet of magic regeneration


   Skills:
 + Level 2.1 Dodging
 + Level 3.0 Stealth
 + Level 2.0 Spellcasting
 + Level 4.4 Necromancy


You had 3 spell levels left.
You knew the following spells:

 Your Spells              Type           Power      Damage    Failure   Level
a - Pain                  Necr           64%        1d7       3%          1

Your spell library contained the following spells:

 Spells                   Type           Power      Damage    Failure   Level
 Animate Skeleton         Necr           32%        N/A       3%          1
 Vampiric Draining        Necr           16%        2d7       10%         3
 Animate Dead             Necr           8%         N/A       30%         4
 Agony                    Necr           16%        N/A       65%         5


Dungeon Overview and Level Annotations

Branches:
Dungeon (1/15)

Altars:


Innate Abilities, Weirdness & Mutations

You do not regenerate when monsters are visible.
You are frail without blood (-20% HP).
You can heal yourself when you bite living creatures.
You are immune to poison.
You have razor-sharp teeth.
You have supernaturally acute eyesight. (SInv)
You are afflicted with vampirism.


Message History

Found a scroll labelled HASTRE VOTI.
The frilled lizard bites you.
You closely miss the frilled lizard. The frilled lizard closely misses you.
You closely miss the frilled lizard. Your bite misses the frilled lizard.
The frilled lizard barely misses you.
You miss the frilled lizard. Your bite misses the frilled lizard.
The bat hits you but does no damage. The bat barely misses you.
The frilled lizard barely misses you.
You closely miss the frilled lizard. The bat closely misses you.
The bat hits you. The frilled lizard closely misses you.
You closely miss the frilled lizard. The bat closely misses you.
The frilled lizard closely misses you.
You barely miss the frilled lizard. The bat misses you.
The frilled lizard barely misses you.
You closely miss the frilled lizard. The bat hits you but does no damage.
The frilled lizard bites you.
* * * LOW HITPOINT WARNING * * *
You hit the frilled lizard.
You kill the frilled lizard!
The bat hits you but does no damage.
You see here a frilled lizard corpse.
The bat hits you but does no damage.
You hit the bat.
The bat is moderately wounded.
The bat closely misses you. The bat hits you but does no damage.
You closely miss the bat.
The bat is moderately wounded.
The bat hits you but does no damage. The bat closely misses you.
You see here a frilled lizard corpse.
You closely miss the bat. Your bite misses the bat.
The bat is moderately wounded.
The bat hits you.
* * * LOW HITPOINT WARNING * * *
The bat hits you.
* * * LOW HITPOINT WARNING * * *
A goblin comes into view. It is wielding a +0 dagger.
The bat hits you but does no damage. The bat hits you.
You die...

# #. . #. #. ..
. .. #. .# .# #
#. #. .#..#
###... #.
#.#..# ......
#.#...?.# ....#
# #.......# .
#. #.@.....##
....#
###..#.b......#
......
.....#........#
#.###.
##.#........#.#
#...
.......†...## .
#####
##.#.##....#
.#### g. #.
#.#..# .... .
#. #....# .#
#.###.#.#


You could see a bat.

Vanquished Creatures
  A ball python (D:1)
  A bat (D:1)
  A frilled lizard (D:1)
3 creatures vanquished.

Notes
Turn   | Place    | Note
-------+----------+-------------------------------------------
     0 | D:1      | PurpleHaze the Vampire Necromancer began the quest for the
                  | Orb.
     0 | D:1      | Reached XP level 1. HP: 13/13 MP: 3/3
   199 | D:1      | Slain by a bat

Illustrated notes

Levels and vault maps discovered:
D:1:      erik_arrival_blinker_ship, layout_loops_cross, chequers_jeans

Action                   || total
-------------------------++-------
Melee: Unarmed           ||    28
       Bite              ||     2
 Abil: Exsanguinate      ||     1
Armor: Robe              ||    23
Dodge: Dodged            ||    43
